Sasquatch vs Ice Dragons
Created - November 23, 2020 at 19:16
Goals
|
| Sasquatch |
2 |
4 |
1 |
7 |
| Ice Dragons |
0 |
1 |
1 |
2 |
|
Shots
|
| Sasquatch |
12 |
15 |
10 |
37 |
| Ice Dragons |
10 |
10 |
13 |
33 |
|
1st period
1. Sasquatch , Devin Shore 14 (Martin Marincin 6, Teemu Hartikainen 7) at 12:10 (SH)
2. Sasquatch , Teemu Hartikainen 2 (Sam Reinhart 3) at 17:41
Penalties :
Sergey Kalinin (Gat) for Boarding (Minor) at 12:01
2nd period
3. Sasquatch , Devin Shore 15 (Jujhar Khaira 13, Brandon Montour 5) at 3:42
4. Sasquatch , Timo Meier 6 (Brandon Montour 6, Devin Shore 20) at 3:47
5. Sasquatch , Alex Iafallo 4 (Patrick Wey 9, Petr Straka 5) at 11:10
6. Ice Dragons , Zach Trotman 5 (Corban Knight 16) at 11:45
7. Sasquatch , Petr Straka 2 (Alex Iafallo 3, Valentin Zykov 8) at 14:22
Penalties :
Corban Knight (Kin) for Tripping (Minor) at 15:04
3rd period
8. Ice Dragons , Corban Knight 9 (Jordan LaVallee 9, Brandon Kozun 7) at 8:27 (PP)
9. Sasquatch , Brandon Montour 2 (Patrick Wey 10, Devin Shore 21) at 11:44 (PP)
Penalties :
T.J. Tynan (Gat) for Interference (Minor) at 8:19, Sam Carrick (Kin) for Hooking (Minor) at 9:12, Logan MacMillan (Kin) for Hooking (Minor) at 11:36, Alex Plante (Kin) for Cross-checking (Minor) at 15:14
Goalie Stats
Joonas Korpisalo (Gat), 31 saves from 33 shots - (0.939), W, 3-7-2, 60:00 minutes
Chet Pickard (Kin), 11 saves from 15 shots - (0.733), L, 6-5-1, 23:47 minutes
Joacim Eriksson (Kin), 19 saves from 22 shots - (0.864), 36:13 minutes
Players Stats for Sasquatch
Player Name G A P +/- PIM S H SB GA TA FO MP PP MP PK MP
------------------------------------------------------------------------------------
Alex Iafallo 1 1 2 2 0 4 1 1 1 0 1/1 17:43 0:03 0:44
Brandon Montour 1 2 3 1 0 3 1 3 0 0 0/0 26:19 3:38 0:42
Brett Pesce 0 0 0 1 0 1 0 0 0 0 0/0 8:16 0:00 0:00
Devin Shore 2 2 4 2 0 5 1 0 0 2 20/32 21:42 3:21 1:05
Dmitri Orlov 0 0 0 2 0 1 0 0 0 0 0/0 15:17 2:27 0:00
Dylan Sikura 0 0 0 0 0 0 1 0 0 0 0/0 9:01 0:00 0:00
Jack Roslovic 0 0 0 0 0 0 0 0 0 0 0/2 6:09 0:00 0:44
Jujhar Khaira 0 1 1 1 0 2 2 0 1 0 0/1 21:03 2:41 0:10
Martin Marincin 0 1 1 2 0 0 0 2 0 1 0/0 22:37 2:27 1:25
Mirco Mueller 0 0 0 3 0 1 1 0 1 1 0/0 15:52 0:00 1:25
Patrick Wey 0 2 2 1 0 1 1 6 3 1 0/0 31:39 3:38 0:42
Petr Straka 1 1 2 2 0 4 1 0 0 0 0/1 17:17 2:41 0:00
Sam Reinhart 0 1 1 1 0 1 0 0 0 1 0/0 10:47 0:00 0:00
Sergey Kalinin 0 0 0 1 2 0 1 0 1 0 9/12 13:20 0:00 0:08
T.J. Tynan 0 0 0 2 2 7 0 1 0 0 5/13 17:27 2:41 0:10
Teemu Hartikainen 1 1 2 2 0 2 0 0 0 0 0/0 12:49 0:08 1:13
Timo Meier 1 0 1 1 0 3 1 2 1 1 0/1 20:42 3:19 0:00
Valentin Zykov 0 1 1 0 0 2 2 0 0 0 0/0 9:51 3:21 0:00
Players Stats for Ice Dragons
Player Name G A P +/- PIM S H SB GA TA FO MP PP MP PK MP
------------------------------------------------------------------------------------
Adam Clendening 0 0 0 -2 0 1 0 0 1 0 0/0 17:28 0:45 0:26
Alex Plante 0 0 0 -2 2 0 1 3 0 0 0/0 19:15 0:45 1:48
Billy Sweat 0 0 0 -3 0 2 0 0 0 1 1/2 16:31 0:47 1:14
Brandon Kozun 0 1 1 -2 0 6 2 0 2 0 0/0 19:01 1:20 0:00
Chris Wagner 0 0 0 0 0 1 0 0 0 0 0/0 9:52 0:00 0:00
Corban Knight 1 1 2 -2 2 4 4 0 0 0 15/38 21:41 1:20 2:18
David Shields 0 0 0 -1 0 1 0 1 0 2 0/0 15:11 0:00 2:53
Emil Pettersson 0 0 0 0 0 0 2 1 0 1 5/9 11:44 0:00 1:52
Jerome Gauthier-Leduc 0 0 0 -1 0 0 0 2 0 0 0/0 12:11 0:00 0:00
Jordan LaVallee 0 1 1 -2 0 5 1 3 0 1 0/0 22:17 1:20 3:16
Juho Lammikko 0 0 0 0 0 0 3 0 1 0 0/0 9:22 0:00 0:00
Justin Shugg 0 0 0 -3 0 1 1 1 0 0 0/0 14:51 0:47 0:00
Kevin Connauton 0 0 0 -2 0 2 4 5 0 0 0/0 28:15 1:22 3:51
Logan MacMillan 0 0 0 0 2 1 2 0 1 0 0/0 10:23 0:00 0:09
Sam Carrick 0 0 0 -3 2 3 2 1 2 2 6/12 16:28 0:47 0:49
Theodor Blueger 0 0 0 0 0 0 1 0 0 0 1/2 10:26 0:00 1:04
William Carrier 0 0 0 0 0 1 3 0 0 0 0/0 11:08 0:00 1:28
Zach Trotman 1 0 1 -2 0 5 2 2 0 1 0/0 27:47 1:22 3:12
3 Stars
1 - Devin Shore (Gat)
2 - Brandon Montour (Gat)
3 - Alex Iafallo (Gat)
Power Play
Sasquatch - 1 on 4 Attempt(s) - 25.00%
Ice Dragons - 1 on 2 Attempt(s) - 50.00%
Penalty Kill
Sasquatch - 1 on 2 Attempt(s) - 50.00%
- Score 1 goal in Penalty Kill
Ice Dragons - 3 on 4 Attempt(s) - 75.00%
- Score 0 goal in Penalty Kill
Team Stat
Sasquatch - Hits : 13 - Faceoff Wins : 35 - Blocked Shots : 15 - Penalty Minutes : 4
Ice Dragons - Hits : 28 - Faceoff Wins : 28 - Blocked Shots : 19 - Penalty Minutes : 8
Official
Referees : Unknown
Linesman : Unknown
Game Notes
Joacim Eriksson enters game at 3:47 of 2nd period
Brett Pesce is injured at 10:20 of 2nd period (Strained Left Elbow)
Jack Roslovic is injured at 3:32 of 3rd period (Bruised Right Arm)
Finance
Level 1 -- Attendance: 1355 (67.75%) -- Ticket Income $54,200
Level 2 -- Attendance: 660 (66.00%) -- Ticket Income $13,200
Total Attendance: 2015 (67.17%)
Total Ticket Income: $67,400
Other Income: $3,370
Total Income: $70,770
Sasquatch
5 vs 5 Forward
Center Left Wing Right Wing Time % Phy DF OF
1 Devin Shore Jujhar Khaira Timo Meier 40 1 2 2
2 T.J. Tynan Alex Iafallo Petr Straka 30 1 2 2
3 Sergey Kalinin Teemu Hartikainen Sam Reinhart 20 1 2 2
4 Jack Roslovic Valentin Zykov Dylan Sikura 10 1 2 2
5 vs 5 Defense
Defense Defense Time % Phy DF OF
1 Patrick Wey Martin Marincin 40 1 2 2
2 Brandon Montour Brett Pesce 30 1 2 2
3 Mirco Mueller Dmitri Orlov 20 1 2 2
4 Brandon Montour Patrick Wey 10 1 2 2
PowerPlay Forward
Center Left Wing Right Wing Time % Phy DF OF
1 Devin Shore Valentin Zykov Timo Meier 60 1 2 2
2 T.J. Tynan Jujhar Khaira Petr Straka 40 1 2 2
PowerPlay Defense
Defense Defense Time % Phy DF OF
1 Brandon Montour Patrick Wey 60 1 2 2
2 Dmitri Orlov Brett Pesce 40 1 2 2
Penalty Kill 4 Players Forward
Center Wing Time % Phy DF OF
1 Sergey Kalinin Teemu Hartikainen 60 1 2 2
2 Devin Shore Jujhar Khaira 40 1 2 2
Penalty Kill 4 Players Defense
Defense Defense Time % Phy DF OF
1 Mirco Mueller Martin Marincin 60 1 2 2
2 Brandon Montour Patrick Wey 40 1 2 2
Penalty Kill - 3 Players Forward
Forward Time % Phy DF OF
1 Sergey Kalinin 60 1 2 2
2 T.J. Tynan 40 1 2 2
Penalty Kill - 3 Players Defense
Defense Defense Time % Phy DF OF
1 Brandon Montour Martin Marincin 60 1 2 2
2 Mirco Mueller Patrick Wey 40 1 2 2
4 vs 4 Forward
Center Wing Time % Phy DF OF
1 Sergey Kalinin Jujhar Khaira 60 1 2 2
2 Devin Shore Teemu Hartikainen 40 1 2 2
4 vs 4 Defense
Defense Defense Time % Phy DF OF
1 Mirco Mueller Martin Marincin 60 1 2 2
2 Brett Pesce Patrick Wey 40 1 2 2
Last Minutes Offensive
Center Left Wing Right Wing Defense Defense
Devin Shore Jujhar Khaira Timo Meier Brett Pesce Patrick Wey
Last Minutes Defensive
Center Left Wing Right Wing Defense Defense
Sergey Kalinin Teemu Hartikainen Jujhar Khaira Brandon Montour Martin Marincin
Goaltenders
Starting : Joonas Korpisalo
Backup : Anders Nilsson
Extra Forwards
Normal : Teemu Hartikainen, Jujhar Khaira, Sergey Kalinin - PP : Teemu Hartikainen, Jujhar Khaira - PK : Devin Shore
Extra Defensemen
Normal : Patrick Wey, Brett Pesce, Mirco Mueller - PP : Martin Marincin - PK : Patrick Wey, Brandon Montour
Penalty Shots
Jack Roslovic, Devin Shore, Petr Straka, T.J. Tynan, Valentin Zykov
Scratches
Roope Hintz (Healthy), Ethan Bear (Healthy), Nikita Nesterov (Healthy), Hudson Fasching (Healthy), Christoffer Ehn (Healthy)
Alex Lintuniemi (Healthy), Cal Petersen (Healthy)
Ice Dragons
5 vs 5 Forward
Center Left Wing Right Wing Time % Phy DF OF
1 Corban Knight Jordan LaVallee Brandon Kozun 40 1 2 2
2 Sam Carrick Billy Sweat Justin Shugg 30 1 2 2
3 Emil Pettersson Logan MacMillan Chris Wagner 20 1 2 2
4 Theodor Blueger William Carrier Juho Lammikko 10 1 2 2
5 vs 5 Defense
Defense Defense Time % Phy DF OF
1 Kevin Connauton Zach Trotman 40 1 2 2
2 Adam Clendening Alex Plante 30 1 2 2
3 Jerome Gauthier-Leduc David Shields 20 1 2 2
4 Kevin Connauton Zach Trotman 10 1 2 2
PowerPlay Forward
Center Left Wing Right Wing Time % Phy DF OF
1 Corban Knight Jordan LaVallee Brandon Kozun 60 1 2 2
2 Sam Carrick Billy Sweat Justin Shugg 40 1 2 2
PowerPlay Defense
Defense Defense Time % Phy DF OF
1 Kevin Connauton Zach Trotman 60 1 2 2
2 Adam Clendening Alex Plante 40 1 2 2
Penalty Kill 4 Players Forward
Center Wing Time % Phy DF OF
1 Corban Knight Jordan LaVallee 60 1 2 2
2 Billy Sweat Sam Carrick 40 1 2 2
Penalty Kill 4 Players Defense
Defense Defense Time % Phy DF OF
1 Kevin Connauton Zach Trotman 60 1 2 2
2 David Shields Alex Plante 40 1 2 2
Penalty Kill - 3 Players Forward
Forward Time % Phy DF OF
1 Corban Knight 60 1 2 2
2 Jordan LaVallee 40 1 2 2
Penalty Kill - 3 Players Defense
Defense Defense Time % Phy DF OF
1 Kevin Connauton Zach Trotman 60 1 2 2
2 David Shields Alex Plante 40 1 2 2
4 vs 4 Forward
Center Wing Time % Phy DF OF
1 Corban Knight Jordan LaVallee 60 1 2 2
2 Billy Sweat Sam Carrick 40 1 2 2
4 vs 4 Defense
Defense Defense Time % Phy DF OF
1 Kevin Connauton Zach Trotman 60 1 2 2
2 David Shields Alex Plante 40 1 2 2
Last Minutes Offensive
Center Left Wing Right Wing Defense Defense
Corban Knight Jordan LaVallee Brandon Kozun Kevin Connauton Zach Trotman
Last Minutes Defensive
Center Left Wing Right Wing Defense Defense
Corban Knight Jordan LaVallee Brandon Kozun Kevin Connauton Zach Trotman
Goaltenders
Starting : Chet Pickard
Backup : Joacim Eriksson
Extra Forwards
Normal : Logan MacMillan, William Carrier, Emil Pettersson - PP : Logan MacMillan, William Carrier - PK : Emil Pettersson
Extra Defensemen
Normal : Jerome Gauthier-Leduc, David Shields, Kevin Connauton - PP : Jerome Gauthier-Leduc - PK : David Shields, Kevin Connauton
Penalty Shots
Corban Knight, Jordan LaVallee, Billy Sweat, Sam Carrick, Logan MacMillan
Scratches
Thomas Gobeil (Healthy), Alex Henriksson (Healthy), Cole Ully (Healthy), Mario Lucia (Healthy), Phil Di Giuseppe (Healthy)
Robin Norell (Upper Body Injury), Samuel Groulx (Healthy), Oscar Dansk (Healthy)
% Time on Ice - Sasquatch
Lines # - Real PCT - Wanted PCT - Time Play
Normal Forward
1 - 34% - 40% - 17:24
2 - 28% - 30% - 14:36
3 - 21% - 20% - 10:47
4 - 17% - 10% - 9:01
Normal Defense
1 - 36% - 40% - 18:32
2 - 36% - 30% - 18:51
3 - 21% - 20% - 10:51
4 - 7% - 10% - 3:34
PP Forward
1 - 56% - 60% - 3:24
2 - 44% - 40% - 2:41
PP Defense
1 - 60% - 60% - 3:38
2 - 40% - 40% - 2:27
PK Forward
1 - 100% - 60% - 2:07
2 - 0% - 40% - 0:00
PK Defense
1 - 67% - 60% - 1:25
2 - 33% - 40% - 0:42
PK3 Forward
1 - 0% - 60%
2 - 0% - 40%
PK3 Defense
1 - 0% - 60%
2 - 0% - 40%
44 Forward
1 - 0% - 60%
2 - 0% - 40%
44 Defense
1 - 0% - 60%
2 - 0% - 40%
Last Minute Offensive - 0:00
Last Minute Defensive - 0:00
Total
Forward - 60:00
Defense - 60:00
|
% Time on Ice - Ice Dragons
Lines # - Real PCT - Wanted PCT - Time Play
Normal Forward
1 - 35% - 40% - 18:04
2 - 28% - 30% - 14:30
3 - 19% - 20% - 9:52
4 - 18% - 10% - 9:22
Normal Defense
1 - 39% - 40% - 20:11
2 - 32% - 30% - 16:43
3 - 23% - 20% - 11:52
4 - 6% - 10% - 3:02
PP Forward
1 - 63% - 60% - 1:20
2 - 37% - 40% - 0:47
PP Defense
1 - 65% - 60% - 1:22
2 - 35% - 40% - 0:45
PK Forward
1 - 80% - 60% - 4:51
2 - 20% - 40% - 1:14
PK Defense
1 - 53% - 60% - 3:12
2 - 47% - 40% - 2:53
PK3 Forward
1 - 0% - 60%
2 - 0% - 40%
PK3 Defense
1 - 0% - 60%
2 - 0% - 40%
44 Forward
1 - 0% - 60%
2 - 0% - 40%
44 Defense
1 - 0% - 60%
2 - 0% - 40%
Last Minute Offensive - 0:00
Last Minute Defensive - 0:00
Total
Forward - 60:00
Defense - 60:00
|
Play-by-Play
1st period
0:01 of 1st period - Corban Knight wins face-off versus Timo Meier in neutral zone.
0:23 of 1st period - Icing by Martin Marincin.
0:24 of 1st period - T.J. Tynan wins face-off versus Sam Carrick in Sasquatch zone.
0:31 of 1st period - Snap shot by Petr Straka.
0:31 of 1st period - Shot Blocked by Justin Shugg.
1:32 of 1st period - Brandon Montour is hit by William Carrier and loses puck.
1:41 of 1st period - Alex Plante is hit by Timo Meier.
2:15 of 1st period - Dmitri Orlov is hit by Emil Pettersson and loses puck.
2:22 of 1st period - Snap shot by Emil Pettersson.
2:22 of 1st period - Shot Misses the Net.
3:32 of 1st period - Sergey Kalinin is hit by Emil Pettersson and loses puck.
3:40 of 1st period - Icing by Teemu Hartikainen.
3:41 of 1st period - Sergey Kalinin wins face-off versus Corban Knight in Sasquatch zone.
3:50 of 1st period - Snap shot by Sam Reinhart.
3:50 of 1st period - Stopped by Chet Pickard with a rebound.
3:56 of 1st period - Sergey Kalinin is hit by Corban Knight and loses puck.
4:21 of 1st period - Martin Marincin is hit by Sam Carrick.
4:35 of 1st period - Snap shot by Petr Straka.
4:35 of 1st period - Shot Misses the Net.
4:37 of 1st period - Slapshot by Brandon Montour.
4:37 of 1st period - Stopped by Chet Pickard without a rebound.
4:38 of 1st period - T.J. Tynan wins face-off versus Emil Pettersson in Ice Dragons zone.
4:39 of 1st period - Wrist shot by Petr Straka.
4:39 of 1st period - Shot Misses the Net.
5:05 of 1st period - Devin Shore is hit by Corban Knight and loses puck.
5:14 of 1st period - Wrist shot by Jordan LaVallee.
5:14 of 1st period - Stopped by Joonas Korpisalo with a rebound.
5:16 of 1st period - Slapshot by Zach Trotman.
5:16 of 1st period - Deflect By Jujhar Khaira.
5:16 of 1st period - Stopped by Joonas Korpisalo without a rebound.
5:17 of 1st period - Sam Carrick wins face-off versus T.J. Tynan in Sasquatch zone.
5:18 of 1st period - Snap shot by Billy Sweat.
5:18 of 1st period - Shot Blocked by Patrick Wey.
5:26 of 1st period - Snap shot by T.J. Tynan.
5:26 of 1st period - Stopped by Chet Pickard with a rebound.
7:17 of 1st period - T.J. Tynan is hit by Corban Knight and loses puck.
7:30 of 1st period - Snap shot by Sam Carrick.
7:30 of 1st period - Stopped by Joonas Korpisalo with a rebound.
7:40 of 1st period - Adam Clendening is hit by Valentin Zykov and loses puck.
7:57 of 1st period - Slapshot by Kevin Connauton.
7:57 of 1st period - Deflect By William Carrier.
7:57 of 1st period - Stopped by Joonas Korpisalo with a rebound.
7:59 of 1st period - Slapshot by Kevin Connauton.
7:59 of 1st period - Stopped by Joonas Korpisalo without a rebound.
8:00 of 1st period - Corban Knight wins face-off versus T.J. Tynan in Sasquatch zone.
8:34 of 1st period - Snap shot by Sam Carrick.
8:34 of 1st period - Stopped by Joonas Korpisalo without a rebound.
8:35 of 1st period - Devin Shore wins face-off versus Corban Knight in Sasquatch zone.
8:42 of 1st period - Wrist shot by Jujhar Khaira.
8:42 of 1st period - Shot Misses the Net.
8:45 of 1st period - Icing by Alex Plante.
8:46 of 1st period - Corban Knight wins face-off versus Devin Shore in Ice Dragons zone.
8:46 of 1st period - Corban Knight is hit by Devin Shore.
8:56 of 1st period - Slapshot by Brandon Kozun.
8:56 of 1st period - Shot Blocked by Patrick Wey.
8:58 of 1st period - Snap shot by Brandon Kozun.
8:58 of 1st period - Stopped by Joonas Korpisalo with a rebound.
9:00 of 1st period - Snap shot by Brandon Kozun.
9:00 of 1st period - Stopped by Joonas Korpisalo with a rebound.
9:02 of 1st period - Wrist shot by Brandon Kozun.
9:02 of 1st period - Stopped by Joonas Korpisalo without a rebound.
9:03 of 1st period - Sam Carrick wins face-off versus Petr Straka in Sasquatch zone.
9:06 of 1st period - Snap shot by Sam Carrick.
9:06 of 1st period - Shot Misses the Net.
9:08 of 1st period - Slapshot by Zach Trotman.
9:08 of 1st period - Shot Misses the Net.
9:16 of 1st period - Snap shot by Sam Carrick.
9:16 of 1st period - Shot Misses the Net.
10:36 of 1st period - Icing by Martin Marincin.
10:37 of 1st period - Sam Carrick wins face-off versus T.J. Tynan in Sasquatch zone.
10:58 of 1st period - Snap shot by Alex Iafallo.
10:58 of 1st period - Shot Misses the Net.
11:04 of 1st period - Snap shot by T.J. Tynan.
11:04 of 1st period - Stopped by Chet Pickard with a rebound.
11:06 of 1st period - Snap shot by Petr Straka.
11:06 of 1st period - Shot Misses the Net.
11:08 of 1st period - Slapshot by Alex Iafallo.
11:08 of 1st period - Shot Blocked by David Shields.
11:10 of 1st period - Wrist shot by T.J. Tynan.
11:10 of 1st period - Stopped by Chet Pickard without a rebound.
11:11 of 1st period - Devin Shore wins face-off versus Corban Knight in Ice Dragons zone.
11:14 of 1st period - Snap shot by Jujhar Khaira.
11:14 of 1st period - Stopped by Chet Pickard with a rebound.
11:16 of 1st period - Slapshot by Devin Shore.
11:16 of 1st period - Deflect By Jordan LaVallee.
11:16 of 1st period - Shot Misses the Net.
11:16 of 1st period - Puck is out of play.
11:17 of 1st period - Devin Shore wins face-off versus Corban Knight in Ice Dragons zone.
11:28 of 1st period - Slapshot by Jujhar Khaira.
11:28 of 1st period - Shot Blocked by Zach Trotman.
11:30 of 1st period - Snap shot by Jujhar Khaira.
11:30 of 1st period - Shot Misses the Net.
11:42 of 1st period - Slapshot by Billy Sweat.
11:42 of 1st period - Stopped by Joonas Korpisalo without a rebound.
11:43 of 1st period - Sergey Kalinin wins face-off versus Sam Carrick in Sasquatch zone.
12:01 of 1st period - Minor Penalty to Sergey Kalinin for Boarding.
12:02 of 1st period - Devin Shore wins face-off versus Corban Knight in Sasquatch zone.
12:08 of 1st period - Slapshot by Devin Shore.
12:08 of 1st period - Shot Misses the Net.
12:10 of 1st period - Slapshot by Martin Marincin.
12:10 of 1st period - Deflect By Devin Shore.
12:10 of 1st period - Goal by Devin Shore - Sasquatch : 1 - Ice Dragons : 0.
12:11 of 1st period - Devin Shore wins face-off versus Corban Knight in neutral zone.
14:01 of 1st period - Penalty to Sergey Kalinin is over, Sergey Kalinin is back on ice.
14:04 of 1st period - Off-side.
14:05 of 1st period - Emil Pettersson wins face-off versus Jack Roslovic in neutral zone.
14:41 of 1st period - Theodor Blueger is hit by Jujhar Khaira.
14:45 of 1st period - Devin Shore is hit by William Carrier and loses puck.
15:05 of 1st period - Brett Pesce is hit by Zach Trotman and loses puck.
15:16 of 1st period - Wrist shot by Teemu Hartikainen.
15:16 of 1st period - Stopped by Chet Pickard with a rebound.
15:18 of 1st period - Snap shot by Brandon Montour.
15:18 of 1st period - Shot Misses the Net.
15:22 of 1st period - Snap shot by Petr Straka.
15:22 of 1st period - Shot Blocked by Jerome Gauthier-Leduc.
15:24 of 1st period - Slapshot by Brett Pesce.
15:24 of 1st period - Deflect By Corban Knight.
15:24 of 1st period - Stopped by Chet Pickard without a rebound.
15:25 of 1st period - T.J. Tynan wins face-off versus Emil Pettersson in Ice Dragons zone.
15:57 of 1st period - Slapshot by Jujhar Khaira.
15:57 of 1st period - Shot Misses the Net.
16:31 of 1st period - Mirco Mueller is hit by William Carrier and loses puck.
16:53 of 1st period - Snap shot by Jujhar Khaira.
16:53 of 1st period - Shot Blocked by Kevin Connauton.
17:20 of 1st period - Mirco Mueller is hit by Kevin Connauton and loses puck.
17:33 of 1st period - Wrist shot by Billy Sweat.
17:33 of 1st period - Shot Misses the Net.
17:39 of 1st period - Snap shot by Teemu Hartikainen.
17:39 of 1st period - Shot Misses the Net.
17:41 of 1st period - Wrist shot by Teemu Hartikainen.
17:41 of 1st period - Goal by Teemu Hartikainen - Sasquatch : 2 - Ice Dragons : 0.
17:42 of 1st period - Devin Shore wins face-off versus Corban Knight in neutral zone.
17:49 of 1st period - Slapshot by Jujhar Khaira.
17:49 of 1st period - Shot Blocked by Kevin Connauton.
17:51 of 1st period - Slapshot by Timo Meier.
17:51 of 1st period - Stopped by Chet Pickard with a rebound.
17:53 of 1st period - Wrist shot by Jujhar Khaira.
17:53 of 1st period - Shot Blocked by Jordan LaVallee.
17:55 of 1st period - Snap shot by Martin Marincin.
17:55 of 1st period - Shot Blocked by Kevin Connauton.
17:57 of 1st period - Slapshot by Patrick Wey.
17:57 of 1st period - Stopped by Chet Pickard with a rebound.
18:07 of 1st period - Martin Marincin is hit by Justin Shugg and loses puck.
18:38 of 1st period - Slapshot by Emil Pettersson.
18:38 of 1st period - Shot Misses the Net.
19:35 of 1st period - Snap shot by Billy Sweat.
19:35 of 1st period - Deflect By Sam Carrick.
19:35 of 1st period - Shot Misses the Net.
19:35 of 1st period - Puck is out of play.
19:36 of 1st period - T.J. Tynan wins face-off versus Corban Knight in Sasquatch zone.
Goals for this period are 2 for Sasquatch vs 0 for Ice Dragons.
Shots for this period are 12 for Sasquatch vs 10 for Ice Dragons.
2nd period
0:01 of 2nd period - Corban Knight wins face-off versus Devin Shore in neutral zone.
0:29 of 2nd period - Off-side.
0:30 of 2nd period - Sam Carrick wins face-off versus T.J. Tynan in neutral zone.
0:55 of 2nd period - Brandon Montour is hit by Jordan LaVallee and loses puck.
1:18 of 2nd period - Wrist shot by Logan MacMillan.
1:18 of 2nd period - Shot Blocked by Patrick Wey.
1:20 of 2nd period - Wrist shot by Chris Wagner.
1:20 of 2nd period - Shot Blocked by Martin Marincin.
1:22 of 2nd period - Slapshot by Adam Clendening.
1:22 of 2nd period - Stopped by Joonas Korpisalo with a rebound.
1:50 of 2nd period - Martin Marincin is hit by Zach Trotman and loses puck.
2:33 of 2nd period - Jordan LaVallee is hit by Brandon Montour and loses puck.
3:12 of 2nd period - Wrist shot by Valentin Zykov.
3:12 of 2nd period - Stopped by Chet Pickard without a rebound.
3:13 of 2nd period - Theodor Blueger wins face-off versus Jack Roslovic in Ice Dragons zone.
3:18 of 2nd period - Mirco Mueller is hit by Juho Lammikko and loses puck.
3:28 of 2nd period - Off-side.
3:29 of 2nd period - Devin Shore wins face-off versus Corban Knight in neutral zone.
3:35 of 2nd period - Brandon Montour is hit by Brandon Kozun and loses puck.
3:42 of 2nd period - Wrist shot by Devin Shore.
3:42 of 2nd period - Goal by Devin Shore - Sasquatch : 3 - Ice Dragons : 0.
3:43 of 2nd period - Devin Shore wins face-off versus Corban Knight in neutral zone.
3:47 of 2nd period - Wrist shot by Timo Meier.
3:47 of 2nd period - Goal by Timo Meier - Sasquatch : 4 - Ice Dragons : 0.
3:47 of 2nd period - Joacim Eriksson enters game.
3:48 of 2nd period - Devin Shore wins face-off versus Corban Knight in neutral zone.
4:13 of 2nd period - Kevin Connauton is hit by Alex Iafallo and loses puck.
4:36 of 2nd period - Teemu Hartikainen is hit by Juho Lammikko and loses puck.
4:55 of 2nd period - Adam Clendening is hit by Mirco Mueller and loses puck.
5:04 of 2nd period - Snap shot by Jack Roslovic.
5:04 of 2nd period - Shot Misses the Net.
5:14 of 2nd period - Corban Knight is hit by Jujhar Khaira and loses puck.
5:24 of 2nd period - Icing by Corban Knight.
5:25 of 2nd period - Corban Knight wins face-off versus T.J. Tynan in Ice Dragons zone.
5:34 of 2nd period - Snap shot by Corban Knight.
5:34 of 2nd period - Shot Misses the Net.
5:54 of 2nd period - Slapshot by Jordan LaVallee.
5:54 of 2nd period - Shot Misses the Net.
5:56 of 2nd period - Wrist shot by Corban Knight.
5:56 of 2nd period - Stopped by Joonas Korpisalo with a rebound.
5:58 of 2nd period - Wrist shot by Brandon Kozun.
5:58 of 2nd period - Stopped by Joonas Korpisalo with a rebound.
6:00 of 2nd period - Wrist shot by Brandon Kozun.
6:00 of 2nd period - Stopped by Joonas Korpisalo with a rebound.
6:02 of 2nd period - Slapshot by Adam Clendening.
6:02 of 2nd period - Shot Blocked by Timo Meier.
6:08 of 2nd period - Wrist shot by Jordan LaVallee.
6:08 of 2nd period - Shot Misses the Net.
6:16 of 2nd period - Slapshot by Jordan LaVallee.
6:16 of 2nd period - Stopped by Joonas Korpisalo with a rebound.
6:18 of 2nd period - Slapshot by Adam Clendening.
6:18 of 2nd period - Deflect By Brandon Kozun.
6:18 of 2nd period - Shot Misses the Net.
6:18 of 2nd period - Puck is out of play.
6:19 of 2nd period - Sam Carrick wins face-off versus T.J. Tynan in Sasquatch zone.
6:22 of 2nd period - Snap shot by Billy Sweat.
6:22 of 2nd period - Shot Misses the Net.
6:50 of 2nd period - Wrist shot by William Carrier.
6:50 of 2nd period - Shot Blocked by Patrick Wey.
6:52 of 2nd period - Wrist shot by William Carrier.
6:52 of 2nd period - Deflect By Theodor Blueger.
6:52 of 2nd period - Shot Blocked by Martin Marincin.
6:52 of 2nd period - Puck is out of play.
6:53 of 2nd period - Devin Shore wins face-off versus Sam Carrick in Sasquatch zone.
7:22 of 2nd period - Logan MacMillan is hit by Sergey Kalinin and loses puck.
8:31 of 2nd period - Slapshot by Billy Sweat.
8:31 of 2nd period - Stopped by Joonas Korpisalo without a rebound.
8:32 of 2nd period - Sergey Kalinin wins face-off versus Corban Knight in Sasquatch zone.
9:08 of 2nd period - Wrist shot by Timo Meier.
9:08 of 2nd period - Shot Blocked by Sam Carrick.
9:40 of 2nd period - Alex Iafallo is hit by Theodor Blueger.
10:00 of 2nd period - Wrist shot by Jordan LaVallee.
10:00 of 2nd period - Stopped by Joonas Korpisalo with a rebound.
10:19 of 2nd period - Brett Pesce is hit by Kevin Connauton and loses puck.
10:20 of 2nd period - Brett Pesce from Sasquatch is injured at 10:20 of 2nd period (Strained Left Elbow).
10:21 of 2nd period - Corban Knight wins face-off versus Devin Shore in Sasquatch zone.
10:32 of 2nd period - Slapshot by Jordan LaVallee.
10:32 of 2nd period - Stopped by Joonas Korpisalo without a rebound.
10:33 of 2nd period - Corban Knight wins face-off versus Devin Shore in Sasquatch zone.
10:38 of 2nd period - Snap shot by Jordan LaVallee.
10:38 of 2nd period - Deflect By Corban Knight.
10:38 of 2nd period - Shot Misses the Net.
10:38 of 2nd period - Puck is out of play.
10:39 of 2nd period - Corban Knight wins face-off versus Devin Shore in Sasquatch zone.
11:10 of 2nd period - Slapshot by Patrick Wey.
11:10 of 2nd period - Deflect By Alex Iafallo.
11:10 of 2nd period - Goal by Alex Iafallo - Sasquatch : 5 - Ice Dragons : 0.
11:11 of 2nd period - Corban Knight wins face-off versus Jujhar Khaira in neutral zone.
11:18 of 2nd period - Slapshot by Corban Knight.
11:18 of 2nd period - Shot Blocked by Timo Meier.
11:20 of 2nd period - Snap shot by Jordan LaVallee.
11:20 of 2nd period - Stopped by Joonas Korpisalo without a rebound.
11:21 of 2nd period - Devin Shore wins face-off versus Corban Knight in Sasquatch zone.
11:21 of 2nd period - Devin Shore is hit by Kevin Connauton.
11:32 of 2nd period - Patrick Wey is hit by Kevin Connauton and loses puck.
11:45 of 2nd period - Snap shot by Zach Trotman.
11:45 of 2nd period - Goal by Zach Trotman - Sasquatch : 5 - Ice Dragons : 1.
11:46 of 2nd period - Devin Shore wins face-off versus Corban Knight in neutral zone.
11:55 of 2nd period - Snap shot by Jujhar Khaira.
11:55 of 2nd period - Deflect By Devin Shore.
11:55 of 2nd period - Shot Misses the Net.
11:55 of 2nd period - Puck is out of play.
11:56 of 2nd period - Devin Shore wins face-off versus Corban Knight in Ice Dragons zone.
12:13 of 2nd period - Snap shot by Corban Knight.
12:13 of 2nd period - Shot Misses the Net.
12:29 of 2nd period - Slapshot by Devin Shore.
12:29 of 2nd period - Stopped by Joacim Eriksson with a rebound.
12:51 of 2nd period - Wrist shot by Timo Meier.
12:51 of 2nd period - Stopped by Joacim Eriksson with a rebound.
12:53 of 2nd period - Wrist shot by Devin Shore.
12:53 of 2nd period - Stopped by Joacim Eriksson with a rebound.
12:55 of 2nd period - Slapshot by Patrick Wey.
12:55 of 2nd period - Shot Blocked by Kevin Connauton.
12:57 of 2nd period - Wrist shot by Brandon Montour.
12:57 of 2nd period - Shot Blocked by Jordan LaVallee.
12:59 of 2nd period - Slapshot by Devin Shore.
12:59 of 2nd period - Shot Misses the Net.
13:07 of 2nd period - Snap shot by Jujhar Khaira.
13:07 of 2nd period - Stopped by Joacim Eriksson without a rebound.
13:08 of 2nd period - T.J. Tynan wins face-off versus Sam Carrick in Ice Dragons zone.
13:13 of 2nd period - Slapshot by Petr Straka.
13:13 of 2nd period - Deflect By T.J. Tynan.
13:13 of 2nd period - Stopped by Joacim Eriksson with a rebound.
13:15 of 2nd period - Wrist shot by T.J. Tynan.
13:15 of 2nd period - Stopped by Joacim Eriksson with a rebound.
13:17 of 2nd period - Snap shot by Alex Iafallo.
13:17 of 2nd period - Stopped by Joacim Eriksson with a rebound.
13:19 of 2nd period - Slapshot by Dmitri Orlov.
13:19 of 2nd period - Stopped by Joacim Eriksson with a rebound.
14:22 of 2nd period - Snap shot by Petr Straka.
14:22 of 2nd period - Goal by Petr Straka - Sasquatch : 6 - Ice Dragons : 1.
14:23 of 2nd period - Devin Shore wins face-off versus Sam Carrick in neutral zone.
14:56 of 2nd period - Wrist shot by Petr Straka.
14:56 of 2nd period - Stopped by Joacim Eriksson with a rebound.
14:58 of 2nd period - Slapshot by Petr Straka.
14:58 of 2nd period - Stopped by Joacim Eriksson with a rebound.
15:04 of 2nd period - Minor Penalty to Corban Knight for Tripping.
15:05 of 2nd period - Devin Shore wins face-off versus Emil Pettersson in Ice Dragons zone.
15:40 of 2nd period - Wrist shot by Jujhar Khaira.
15:40 of 2nd period - Shot Blocked by Zach Trotman.
17:04 of 2nd period - Penalty to Corban Knight is over, Corban Knight is back on ice.
17:17 of 2nd period - Sam Reinhart is hit by Logan MacMillan and loses puck.
17:47 of 2nd period - Icing by Brandon Montour.
17:48 of 2nd period - Sergey Kalinin wins face-off versus Emil Pettersson in Sasquatch zone.
17:56 of 2nd period - Icing by Emil Pettersson.
17:57 of 2nd period - Emil Pettersson wins face-off versus Devin Shore in Ice Dragons zone.
18:08 of 2nd period - David Shields is hit by Patrick Wey and loses puck.
18:13 of 2nd period - Slapshot by Jujhar Khaira.
18:13 of 2nd period - Shot Blocked by Emil Pettersson.
18:28 of 2nd period - Martin Marincin is hit by Logan MacMillan and loses puck.
18:47 of 2nd period - Mirco Mueller is hit by Sam Carrick and loses puck.
Goals for this period are 4 for Sasquatch vs 1 for Ice Dragons.
Shots for this period are 15 for Sasquatch vs 10 for Ice Dragons.
3rd period
0:01 of 3rd period - Billy Sweat wins face-off versus Devin Shore in neutral zone.
0:08 of 3rd period - Snap shot by Billy Sweat.
0:08 of 3rd period - Deflect By Justin Shugg.
0:08 of 3rd period - Shot Hit the Post.
0:08 of 3rd period - Puck is out of play.
0:09 of 3rd period - Devin Shore wins face-off versus Sam Carrick in Sasquatch zone.
0:48 of 3rd period - Slapshot by Sam Carrick.
0:48 of 3rd period - Stopped by Joonas Korpisalo with a rebound.
0:50 of 3rd period - Snap shot by Billy Sweat.
0:50 of 3rd period - Shot Misses the Net.
1:08 of 3rd period - Slapshot by Zach Trotman.
1:08 of 3rd period - Stopped by Joonas Korpisalo with a rebound.
1:10 of 3rd period - Slapshot by Zach Trotman.
1:10 of 3rd period - Stopped by Joonas Korpisalo with a rebound.
1:12 of 3rd period - Slapshot by Zach Trotman.
1:12 of 3rd period - Deflect By Patrick Wey.
1:12 of 3rd period - Stopped by Joonas Korpisalo with a rebound.
1:16 of 3rd period - Backhand shot by Justin Shugg.
1:16 of 3rd period - Stopped by Joonas Korpisalo without a rebound.
1:17 of 3rd period - Corban Knight wins face-off versus T.J. Tynan in Sasquatch zone.
1:26 of 3rd period - Snap shot by T.J. Tynan.
1:26 of 3rd period - Stopped by Joacim Eriksson with a rebound.
1:28 of 3rd period - Snap shot by Mirco Mueller.
1:28 of 3rd period - Stopped by Joacim Eriksson with a rebound.
1:30 of 3rd period - Slapshot by Brandon Montour.
1:30 of 3rd period - Shot Blocked by Alex Plante.
1:32 of 3rd period - Snap shot by Petr Straka.
1:32 of 3rd period - Shot Misses the Net.
2:20 of 3rd period - Slapshot by Adam Clendening.
2:20 of 3rd period - Deflect By Chris Wagner.
2:20 of 3rd period - Shot Hit the Post.
2:20 of 3rd period - Puck is out of play.
2:21 of 3rd period - Alex Iafallo wins face-off versus Corban Knight in Sasquatch zone.
2:34 of 3rd period - Snap shot by Alex Iafallo.
2:34 of 3rd period - Shot Blocked by Alex Plante.
2:36 of 3rd period - Slapshot by T.J. Tynan.
2:36 of 3rd period - Stopped by Joacim Eriksson with a rebound.
3:31 of 3rd period - Jack Roslovic is hit by Brandon Kozun and loses puck.
3:32 of 3rd period - Jack Roslovic from Sasquatch is injured at 3:32 of 3rd period (Bruised Right Arm).
3:33 of 3rd period - Devin Shore wins face-off versus Corban Knight in Sasquatch zone.
3:33 of 3rd period - Devin Shore is hit by Corban Knight.
4:26 of 3rd period - Snap shot by Chris Wagner.
4:26 of 3rd period - Stopped by Joonas Korpisalo with a rebound.
4:28 of 3rd period - Slapshot by Jerome Gauthier-Leduc.
4:28 of 3rd period - Shot Misses the Net.
4:40 of 3rd period - Snap shot by William Carrier.
4:40 of 3rd period - Shot Misses the Net.
5:00 of 3rd period - Slapshot by Jordan LaVallee.
5:00 of 3rd period - Shot Blocked by Patrick Wey.
5:02 of 3rd period - Wrist shot by Brandon Kozun.
5:02 of 3rd period - Shot Blocked by Alex Iafallo.
5:04 of 3rd period - Wrist shot by Corban Knight.
5:04 of 3rd period - Stopped by Joonas Korpisalo without a rebound.
5:05 of 3rd period - Sergey Kalinin wins face-off versus Corban Knight in Sasquatch zone.
5:11 of 3rd period - Off-side.
5:12 of 3rd period - Sergey Kalinin wins face-off versus Corban Knight in neutral zone.
5:14 of 3rd period - Off-side.
5:15 of 3rd period - Sergey Kalinin wins face-off versus Corban Knight in neutral zone.
5:38 of 3rd period - Wrist shot by Corban Knight.
5:38 of 3rd period - Stopped by Joonas Korpisalo without a rebound.
5:39 of 3rd period - Sam Carrick wins face-off versus Devin Shore in Sasquatch zone.
6:06 of 3rd period - T.J. Tynan is hit by Alex Plante and loses puck.
6:15 of 3rd period - Wrist shot by Alex Iafallo.
6:15 of 3rd period - Stopped by Joacim Eriksson with a rebound.
6:27 of 3rd period - Wrist shot by Brandon Kozun.
6:27 of 3rd period - Stopped by Joonas Korpisalo without a rebound.
6:28 of 3rd period - Sergey Kalinin wins face-off versus Corban Knight in Sasquatch zone.
7:20 of 3rd period - Snap shot by Alex Iafallo.
7:20 of 3rd period - Shot Misses the Net.
7:22 of 3rd period - Wrist shot by Petr Straka.
7:22 of 3rd period - Shot Blocked by Jerome Gauthier-Leduc.
7:32 of 3rd period - Dylan Sikura is hit by Juho Lammikko and loses puck.
8:19 of 3rd period - Minor Penalty to T.J. Tynan for Interference.
8:20 of 3rd period - Corban Knight wins face-off versus Sergey Kalinin in Sasquatch zone.
8:23 of 3rd period - Slapshot by Brandon Kozun.
8:23 of 3rd period - Shot Misses the Net.
8:25 of 3rd period - Slapshot by Jordan LaVallee.
8:25 of 3rd period - Shot Misses the Net.
8:27 of 3rd period - Snap shot by Corban Knight.
8:27 of 3rd period - Goal by Corban Knight - Sasquatch : 6 - Ice Dragons : 2.
8:28 of 3rd period - Corban Knight wins face-off versus Devin Shore in neutral zone.
9:12 of 3rd period - Minor Penalty to Sam Carrick for Hooking.
9:13 of 3rd period - Devin Shore wins face-off versus Corban Knight in Ice Dragons zone.
9:24 of 3rd period - Wrist shot by Devin Shore.
9:24 of 3rd period - Stopped by Joacim Eriksson with a rebound.
9:26 of 3rd period - Snap shot by Brandon Montour.
9:26 of 3rd period - Stopped by Joacim Eriksson with a rebound.
9:28 of 3rd period - Slapshot by Patrick Wey.
9:28 of 3rd period - Shot Blocked by Alex Plante.
10:00 of 3rd period - Slapshot by Kevin Connauton.
10:00 of 3rd period - Stopped by Joonas Korpisalo without a rebound.
10:01 of 3rd period - Devin Shore wins face-off versus Billy Sweat in Sasquatch zone.
10:08 of 3rd period - Emil Pettersson is hit by Valentin Zykov and loses puck.
11:12 of 3rd period - Penalty to Sam Carrick is over, Sam Carrick is back on ice.
11:17 of 3rd period - Snap shot by Billy Sweat.
11:17 of 3rd period - Shot Misses the Net.
11:21 of 3rd period - Snap shot by William Carrier.
11:21 of 3rd period - Shot Blocked by Patrick Wey.
11:27 of 3rd period - Snap shot by William Carrier.
11:27 of 3rd period - Shot Blocked by T.J. Tynan.
11:29 of 3rd period - Wrist shot by David Shields.
11:29 of 3rd period - Stopped by Joonas Korpisalo without a rebound.
11:30 of 3rd period - Emil Pettersson wins face-off versus Sergey Kalinin in Sasquatch zone.
11:35 of 3rd period - Slapshot by Kevin Connauton.
11:35 of 3rd period - Deflect By Chris Wagner.
11:35 of 3rd period - Shot Misses the Net.
11:35 of 3rd period - Puck is out of play.
11:36 of 3rd period - Emil Pettersson wins face-off versus Sergey Kalinin in Sasquatch zone.
11:36 of 3rd period - Minor Penalty to Logan MacMillan for Hooking.
11:37 of 3rd period - Devin Shore wins face-off versus Corban Knight in Ice Dragons zone.
11:40 of 3rd period - Wrist shot by Devin Shore.
11:40 of 3rd period - Shot Blocked by Jordan LaVallee.
11:42 of 3rd period - Slapshot by Patrick Wey.
11:42 of 3rd period - Shot Blocked by Kevin Connauton.
11:44 of 3rd period - Slapshot by Brandon Montour.
11:44 of 3rd period - Goal by Brandon Montour - Sasquatch : 7 - Ice Dragons : 2.
11:45 of 3rd period - Corban Knight wins face-off versus Devin Shore in neutral zone.
12:34 of 3rd period - Snap shot by Chris Wagner.
12:34 of 3rd period - Shot Misses the Net.
12:36 of 3rd period - Snap shot by Logan MacMillan.
12:36 of 3rd period - Shot Blocked by Brandon Montour.
12:38 of 3rd period - Slapshot by David Shields.
12:38 of 3rd period - Shot Misses the Net.
12:40 of 3rd period - Wrist shot by Logan MacMillan.
12:40 of 3rd period - Shot Blocked by Brandon Montour.
12:57 of 3rd period - Wrist shot by Valentin Zykov.
12:57 of 3rd period - Stopped by Joacim Eriksson with a rebound.
12:59 of 3rd period - Wrist shot by Valentin Zykov.
12:59 of 3rd period - Shot Hit the Post.
14:15 of 3rd period - Backhand shot by Emil Pettersson.
14:15 of 3rd period - Deflect By Logan MacMillan.
14:15 of 3rd period - Stopped by Joonas Korpisalo without a rebound.
14:16 of 3rd period - Emil Pettersson wins face-off versus T.J. Tynan in Sasquatch zone.
14:31 of 3rd period - Wrist shot by Petr Straka.
14:31 of 3rd period - Stopped by Joacim Eriksson without a rebound.
14:32 of 3rd period - Corban Knight wins face-off versus Devin Shore in Ice Dragons zone.
15:14 of 3rd period - Minor Penalty to Alex Plante for Cross-checking.
15:15 of 3rd period - Corban Knight wins face-off versus Devin Shore in Ice Dragons zone.
15:42 of 3rd period - Jordan LaVallee is hit by Petr Straka and loses puck.
16:37 of 3rd period - Snap shot by William Carrier.
16:37 of 3rd period - Shot Misses the Net.
17:14 of 3rd period - Penalty to Alex Plante is over, Alex Plante is back on ice.
17:44 of 3rd period - Off-side.
17:45 of 3rd period - Sergey Kalinin wins face-off versus Theodor Blueger in neutral zone.
17:48 of 3rd period - Alex Plante is hit by Dylan Sikura and loses puck.
19:27 of 3rd period - Slapshot by Sergey Kalinin.
19:27 of 3rd period - Deflect By Alex Iafallo.
19:27 of 3rd period - Stopped by Joacim Eriksson with a rebound.
19:56 of 3rd period - Snap shot by Theodor Blueger.
19:56 of 3rd period - Shot Blocked by Brandon Montour.
19:58 of 3rd period - Snap shot by Theodor Blueger.
19:58 of 3rd period - Shot Misses the Net.
Goals for this period are 1 for Sasquatch vs 1 for Ice Dragons.
Shots for this period are 10 for Sasquatch vs 13 for Ice Dragons.